 Dungeon Crawl Stone Soup version 0.24.0-1-gfbc8707122 (webtiles) character file.

Game seed: 2273094273850380445, levelgen mode: deterministic

33 Masnef the Cudgeler (level 3, -5/21 HPs)
             Began as a Tengu Skald on Oct 27, 2019.
             Slain by an iguana (13 damage)
             ... on level 2 of the Dungeon.
             The game lasted 00:01:51 (934 turns).

Masnef the Cudgeler (Tengu Skald)                    Turns: 934, Time: 00:01:51

Health: -5/21      AC:  3    Str: 11    XL:     3   Next: 29%
Magic:  13/16      EV: 12    Int: 14    God:
Gold:   64         SH:  0    Dex: 13    Spells: 3/6 levels left

rFire    . . .     SeeInvis .   a - +1 mace
rCold    . . .     Gourm    .   (no shield)
rNeg     . . .     Faith    .   b - +0 leather armour
rPois    .         Spirit   .   (helmet restricted)
rElec    .         Reflect  .   (no cloak)
rCorr    .         Harm     .   (no gloves)
MR       .....     Rnd*Tele +   (boots unavailable)
Stlth    +.........             (no amulet)
HPRegen  0.07/turn              g - ring of teleportation (curse)
MPRegen  0.15/turn              j - ring of magical power

@: infused
A: beak, talons 3
a: no special abilities


You were on level 2 of the Dungeon.
You were not hungry.

You visited 1 branch of the dungeon, and saw 2 of its levels.

You collected 64 gold pieces.

Inventory:

Hand Weapons
 a - a +1 mace (weapon)
Armour
 b - a +0 leather armour (worn)
Jewellery
 g - a cursed ring of teleportation (left hand)
 j - a ring of magical power (right hand)
Scrolls
 c - a scroll of teleportation
 e - a scroll of immolation {unknown}
Potions
 f - a potion of berserk rage {unknown}
 h - a potion of lignification {unknown}
Comestibles
 d - 4 rations


   Skills:
 + Level 2.1 Fighting
 + Level 3.3 Maces & Flails
 - Level 1.1 Armour
 + Level 2.3 Dodging
 + Level 2.1 Spellcasting
 + Level 2.7 Charms


You had 3 spell levels left.
You knew the following spells:

 Your Spells              Type           Power        Failure   Level  Hunger
a - Infusion              Chrm           #...         10%         1    ##.....
b - Shroud of Golubria    Chrm/Tloc      #.....       26%         2    ###....

Your spell library contained the following spells:

 Spells                   Type           Power        Failure   Level  Hunger
 Song of Slaying          Chrm           #.......     16%         2    ###....
 Regeneration             Chrm/Necr      #.........   47%         3    ####...
 Spectral Weapon          Hex/Chrm       #.......     47%         3    ####...


Dungeon Overview and Level Annotations

Branches:
Dungeon (2/15)

Altars:
Elyvilon


Innate Abilities, Weirdness & Mutations

You have a beak for a mouth.
You have claws for feet.


Message History

Found a stone staircase leading down.
There is a stone staircase leading down here.
An iguana comes into view.
The iguana hisses angrily.
An iguana is nearby!
Casting: Infusion (safe; 10% risk of failure)
Confirm with . or Enter, or press ? or * to list all spells.
Space distorts slightly along a thin shroud covering your body.
Casting: Shroud of Golubria (safe; 26% risk of failure)
Confirm with . or Enter, or press ? or * to list all spells.
You begin infusing your attacks with magical energy.
You closely miss the iguana. You peck the iguana, but do no damage.
The iguana bites you!
Your shroud falls apart!
You hit the iguana but do no damage. You claw the iguana, but do no damage.
The iguana bites you.
You are too injured to fight recklessly!
You barely miss the iguana. The iguana bites you!
Ouch! That really hurt!
You die...

#...## ##....#
#.##.###.##..#
#.###.#.## .#
#.# ##.## #
#.# #.### #.#
##... #.#
.....
#.##l#####
#>.@# ####.#
.# #. ##
#.##.###..#
.....[.....#


You could see an iguana.

Vanquished Creatures
  2 leopard geckos (D:1)
  5 bats (D:1)
  A giant cockroach (D:1)
  2 goblins
  2 hobgoblins
  4 jackals
  4 kobolds
  A quokka (D:2)
  4 frilled lizards (D:1)
  2 rats (D:1)
27 creatures vanquished.

Notes
Turn   | Place    | Note
-------+----------+-------------------------------------------
     0 | D:1      | Masnef the Tengu Skald began the quest for the Orb.
     0 | D:1      | Reached XP level 1. HP: 12/12 MP: 4/4
   106 | D:1      | Reached skill level 3 in Maces & Flails
   106 | D:1      | Reached XP level 2. HP: 16/17 MP: 6/6
   115 | D:1      | Learned a level 2 spell: Shroud of Golubria
   488 | D:1      | Reached XP level 3. HP: 13/21 MP: 7/7
   676 | D:2      | Found a white marble altar of Elyvilon.
   934 | D:2      | Slain by an iguana

Levels and vault maps discovered:
D:1:      minmay_arrival_doors, layout_basic
D:2:      layout_loops_ring, elyvilon_altar_5

Skill      XL: |  1 |
---------------+----+-----
Maces & Flails | 3 |  3.3
Fighting       | |  2.1
Armour         | |  1.1
Dodging        | |  2.3
Spellcasting   | |  2.1
Charms         | |  2.7

Action                   || total
-------------------------++-------
Melee: Mace              ||    80
       Kick              ||    12
       Peck              ||     7
 Cast: Infusion          ||     3
       Shroud of Golubri ||     1
  Use: Scroll            ||     4
Armor: Leather armour    ||    23
Dodge: Dodged            ||    56
